| 
	| TOP OF THE 1ST | 
|---|
 
		| Kane County Cougars batting - Pitching for Lakewood BlueClaws : RHP Josh Howell |  
		| Pitching: RHP Josh Howell |  |  
		| Batting: RHB Francisco Gutierrez | 0-0: Called Strike 0-1: DOUBLE  (Line Drive, 7LM, EV 96.2 MPH)
 |  
		| Batting: SHB Blaine Peters | 0-0: SINGLE  (Line Drive, 6D, EV 97.5 MPH) Francisco Gutierrez to third
 |  
		| Batting: RHB Chad Mendoza | 0-0: Called Strike 0-1: Fielders Choice at 2nd, 4-6 (Groundball, 34, EV 79.4 MPH)
 Francisco Gutierrez scores
 |  
		| Batting: LHB J.P. Olson | 0-0: Foul Ball, location: 2F 0-1: SINGLE  (Groundball, 4S, EV 66.9 MPH) (infield hit)
 Chad Mendoza to second
 |  
		| Batting: SHB John Cummings | 0-0: Ball 1-0: Grounds into double play, 4-6-3 (Groundball, 4, EV 91.2 MPH)
 |  
		| Top of the 1st over - 1 run, 3 hits, 0 errors, 1 left on base; Kane County 1 - Lakewood 0 |  
	| BOTTOM OF THE 1ST | 
|---|
 
		| Lakewood BlueClaws batting - Pitching for Kane County Cougars : LHP Henry Torres |  
		| Pitching: LHP Henry Torres |  |  
		| Batting: LHB Matt Urbanek | 0-0: DOUBLE  (Line Drive, 7LS, EV 107.5 MPH) |  
		| Batting: RHB Vaclav Been | 0-0: Ball 1-0: Ball
 2-0: Ball
 3-0: Base on Balls
 |  
		| Batting: RHB Mike Bell | 0-0: Ball 1-0: Swinging Strike
 1-1: Ball
 2-1: Ball
 3-1: Foul Ball, location: 2F
 3-2: Base on Balls
 Matt Urbanek to third
 Vaclav Been to second
 |  
		| Batting: SHB Steve DeRienzo | 0-0: Foul Ball, location: 2F 0-1: Called Strike
 0-2: Ball
 1-2: Ball
 2-2: Strikes out swinging
 |  
		| Batting: RHB Trent Hedrick | 0-0: Fielders Choice at 2nd, 6-4 (Groundball, 6, EV 81.2 MPH) Matt Urbanek scores
 Vaclav Been to third
 |  
		| Batting: LHB Joel Moore | 0-0: Foul Ball, location: 2F 0-1: Ball
 1-1: Foul Ball, location: 2F
 1-2: Ball
 2-2: Strikes out swinging
 |  
		| Bottom of the 1st over - 1 run, 1 hit, 0 errors, 2 left on base; Kane County 1 - Lakewood 1 |  
	| TOP OF THE 2ND | 
|---|
 
		| Kane County Cougars batting - Pitching for Lakewood BlueClaws : RHP Josh Howell |  
		| Batting: RHB Longfellow Wetzler | 0-0: Ball 1-0: Bunt missed!
 1-1: Foul Ball, location: 2F
 1-2:  Fly out, F4  (Popup, 4MD, EV 41.2 MPH)
 |  
		| Batting: RHB Ernesto Zamora | 0-0: Called Strike 0-1: Foul Ball, location: 2F
 0-2: Ground out 5-3 (Groundball, 56, EV 105.6 MPH)
 |  
		| Batting: LHB Enrique Ponce | 0-0: Ball 1-0: Foul Ball, location: 2F
 1-1: Ball
 2-1: Foul Ball, location: 2F
 2-2: Strikes out looking
 |  
		| Top of the 2nd over - 0 runs, 0 hits, 0 errors, 0 left on base; Kane County 1 - Lakewood 1 |  
	| BOTTOM OF THE 2ND | 
|---|
 
		| Lakewood BlueClaws batting - Pitching for Kane County Cougars : LHP Henry Torres |  
		| Batting: RHB Cory Bonham | 0-0: Called Strike 0-1: Ball
 1-1: Ball
 2-1: Foul Ball, location: 2F
 2-2: Ball
 3-2: Base on Balls
 |  
		| Batting: LHB Eric Farren | 0-0: Called Strike 0-1: Ball
 1-1: Ball
 2-1: Ball
 3-1: Foul Ball, location: 2F
 3-2: Strikes out swinging
 Cory Bonham is caught stealing 2nd base 2-6
 Batter strikes out.
 |  
		| Batting: RHB Bryan Alfaro | 0-0: Called Strike 0-1:  Fly out, F8  (Flyball, 89S, EV 78.8 MPH)
 |  
		| Bottom of the 2nd over - 0 runs, 0 hits, 0 errors, 0 left on base; Kane County 1 - Lakewood 1 |  
	| TOP OF THE 3RD | 
|---|
 
		| Kane County Cougars batting - Pitching for Lakewood BlueClaws : RHP Josh Howell |  
		| Batting: RHB Gary Hills | 0-0: Called Strike 0-1: Ball
 1-1: Ball
 2-1: Swinging Strike
 2-2: Ball
 3-2: Ground out 4-3 (Groundball, 4, EV 81.9 MPH)
 |  
		| Batting: RHB Francisco Gutierrez | 0-0: Called Strike 0-1: Ball
 1-1: Foul Ball, location: 2F
 1-2: Ball
 2-2: Ball
 3-2: SINGLE  (Groundball, 4D, EV 110.0 MPH)
 |  
		| Batting: SHB Blaine Peters | 0-0: SINGLE  (Groundball, 4S, EV 67.5 MPH) (infield hit) Francisco Gutierrez to second
 |  
		| Batting: RHB Chad Mendoza | 0-0: Ball 1-0: Ball
 2-0: Foul Ball, location: 2F
 2-1: Swinging Strike
 2-2: Foul Ball, location: 2F
 2-2: Fielders Choice at 2nd, 5-4 (Groundball, 56S, EV 80.0 MPH)
 Francisco Gutierrez to third
 |  
		| Batting: LHB J.P. Olson | 0-0: SINGLE  (Line Drive, 6D, EV 100.0 MPH) Francisco Gutierrez scores
 Chad Mendoza to second
 |  
		| Batting: SHB John Cummings | 0-0: Called Strike 0-1: Ball
 1-1: SINGLE  (Groundball, 4D, EV 96.2 MPH)
 Chad Mendoza to third
 J.P. Olson to second
 Runner from 3rd tries for Home, SAFE, throw by CF to home
 |  
		| Batting: RHB Longfellow Wetzler | 0-0: Ball 1-0: Ground out 1-3 (Groundball, P, EV 70.6 MPH)
 |  
		| Top of the 3rd over - 2 runs, 4 hits, 0 errors, 2 left on base; Kane County 3 - Lakewood 1 |  
	| BOTTOM OF THE 3RD | 
|---|
 
		| Lakewood BlueClaws batting - Pitching for Kane County Cougars : LHP Henry Torres |  
		| Batting: LHB Matt Urbanek | 0-0: Ball 1-0: Reached on error, E4 (Groundball, 4, EV 85.6 MPH)
 |  
		| Batting: RHB Vaclav Been | 0-0: Foul Ball, location: 2F 0-1: Called Strike
 0-2: Ball
 1-2: Ball
 2-2: Reached on error, E5 (Groundball, 56, EV 100.0 MPH)
 Matt Urbanek to second
 |  
		| Batting: RHB Mike Bell | 0-0: Ball 1-0: Foul Ball, location: 2F
 1-1: Ball
 Wild Pitch!
 Matt Urbanek to third
 Vaclav Been to second
 2-1: Ball
 3-1:  Fly out, F7  (Flyball, 78S, EV 90.6 MPH)
 |  
		| Batting: SHB Steve DeRienzo | 0-0: Ball 1-0: Called Strike
 1-1: Foul Ball, location: 2F
 1-2: Ball
 2-2: Strikes out swinging
 |  
		| Batting: RHB Trent Hedrick | 0-0: Ball 1-0: Called Strike
 1-1: Ball
 2-1: SINGLE  (Groundball, 6S, EV 65.6 MPH) (infield hit)
 Matt Urbanek scores
 Vaclav Been to third
 |  
		| Batting: LHB Joel Moore | 0-0: Ball 1-0: Foul Ball, location: 2F
 1-1: Fielders Choice at 2nd, 6-4 (Groundball, 56, EV 106.2 MPH)
 |  
		| Bottom of the 3rd over - 1 run, 1 hit, 2 errors, 2 left on base; Kane County 3 - Lakewood 2 |  
	| TOP OF THE 4TH | 
|---|
 
		| Kane County Cougars batting - Pitching for Lakewood BlueClaws : RHP Josh Howell |  
		| Batting: RHB Ernesto Zamora | 0-0: Called Strike 0-1:  Fly out, F4  (Popup, 34S, EV 71.2 MPH)
 |  
		| Batting: LHB Enrique Ponce | 0-0: Ball 1-0: Foul Ball, location: 2F
 1-1: Ground out 5-3 (Groundball, 56S, EV 62.5 MPH)
 |  
		| Batting: RHB Gary Hills | 0-0: Called Strike 0-1: Ball
 1-1: Swinging Strike
 1-2: Foul Ball, location: 2F
 1-2: Foul Ball, location: 2F
 1-2: Strikes out swinging
 |  
		| Top of the 4th over - 0 runs, 0 hits, 0 errors, 0 left on base; Kane County 3 - Lakewood 2 |  
	| BOTTOM OF THE 4TH | 
|---|
 
		| Lakewood BlueClaws batting - Pitching for Kane County Cougars : LHP Henry Torres |  
		| Batting: RHB Cory Bonham | 0-0: Called Strike 0-1: Swinging Strike
 0-2: DOUBLE  (Flyball, 89XD, EV 98.1 MPH)
 |  
		| Batting: LHB Eric Farren | 0-0: SINGLE  (Flyball, 8LS, EV 96.2 MPH) Cory Bonham to third
 |  
		| Batting: RHB Bryan Alfaro | 0-0: Called Strike 0-1: Called Strike
 0-2: Ball
 Wild Pitch!
 Cory Bonham scores
 Eric Farren to second
 1-2: Ball
 2-2: Foul Ball, location: 2F
 2-2: Ball
 3-2: Base on Balls
 |  
		| Batting: LHB Matt Urbanek | 0-0: SINGLE  (Groundball, 34D, EV 100.6 MPH) (infield hit) Eric Farren to third
 Bryan Alfaro to second
 |  
		| Batting: RHB Vaclav Been | 0-0: Fielders Choice at 2nd, 3-6 (Groundball, 34, EV 92.5 MPH) Eric Farren scores
 Bryan Alfaro to third
 |  
		| Batting: RHB Mike Bell | 0-0: Ball 1-0: Ball
 2-0: Ball
 3-0: Called Strike
 3-1: Called Strike
 3-2: Strikes out swinging
 |  
		| Batting: SHB Steve DeRienzo | 0-0: Called Strike 0-1: Ball
 1-1: Fielders Choice at 2nd, 6-4 (Groundball, 6, EV 81.9 MPH)
 |  
		| Bottom of the 4th over - 2 runs, 3 hits, 0 errors, 2 left on base; Kane County 3 - Lakewood 4 |  
	| TOP OF THE 5TH | 
|---|
 
		| Kane County Cougars batting - Pitching for Lakewood BlueClaws : RHP Josh Howell |  
		| Batting: RHB Francisco Gutierrez | 0-0: Called Strike 0-1: Called Strike
 0-2:  Fly out, F7  (Flyball, 78M, EV 91.2 MPH)
 |  
		| Pitching: RHP Jeff van Schaik |  |  
		| Batting: SHB Blaine Peters | 0-0: Ball 1-0: Swinging Strike
 1-1: Foul Ball, location: 2F
 1-2: Ball
 2-2: Foul Ball, location: 2F
 2-2: Strikes out looking
 |  
		| Batting: RHB Chad Mendoza | 0-0: Ball 1-0: Called Strike
 1-1: SINGLE  (Groundball, 56D, EV 100.0 MPH)
 |  
		| Batting: LHB J.P. Olson | 0-0: Foul Ball, location: 2F 0-1: Called Strike
 0-2: Ground out 4-3 (Groundball, 4D, EV 91.9 MPH)
 |  
		| Top of the 5th over - 0 runs, 1 hit, 0 errors, 1 left on base; Kane County 3 - Lakewood 4 |  
	| BOTTOM OF THE 5TH | 
|---|
 
		| Lakewood BlueClaws batting - Pitching for Kane County Cougars : LHP Henry Torres |  
		| Batting: RHB Trent Hedrick | 0-0: Ball 1-0: Foul Ball, location: 2F
 1-1: Reached on error, E3 (Groundball, 34, EV 105.6 MPH)
 |  
		| Batting: LHB Joel Moore | 0-0: Fielders Choice at 2nd, 4-6 (Groundball, 4, EV 78.1 MPH) |  
		| Batting: RHB Cory Bonham | 0-0: Swinging Strike 0-1: Ball
 1-1: Called Strike
 1-2: Fielders Choice at 2nd, 6-4 (Groundball, 56, EV 100.6 MPH)
 |  
		| Batting: LHB Eric Farren | 0-0: Ball 1-0: Called Strike
 1-1: Foul Ball, location: 2F
 1-2: Foul Ball, location: 2F
 1-2: Strikes out swinging
 |  
		| Bottom of the 5th over - 0 runs, 0 hits, 1 error, 1 left on base; Kane County 3 - Lakewood 4 |  
	| TOP OF THE 6TH | 
|---|
 
		| Kane County Cougars batting - Pitching for Lakewood BlueClaws : RHP Jeff van Schaik |  
		| Batting: SHB John Cummings | 0-0: Foul Ball, location: 2F 0-1: Swinging Strike
 0-2: Ball
 1-2: Foul Ball, location: 2F
 1-2: Strikes out swinging
 |  
		| Batting: RHB Longfellow Wetzler | 0-0: Swinging Strike 0-1: Ball
 1-1: Called Strike
 1-2: Ball
 2-2: Ball
 3-2: Ground out 6-3 (Groundball, 56, EV 101.2 MPH)
 |  
		| Batting: RHB Ernesto Zamora | 0-0: Called Strike 0-1:  Fly out, F7  (Line Drive, 7LM, EV 93.1 MPH)
 |  
		| Top of the 6th over - 0 runs, 0 hits, 0 errors, 0 left on base; Kane County 3 - Lakewood 4 |  
	| BOTTOM OF THE 6TH | 
|---|
 
		| Lakewood BlueClaws batting - Pitching for Kane County Cougars : LHP Henry Torres |  
		| Batting: RHB Bryan Alfaro | 0-0: Ball 1-0: Swinging Strike
 1-1: Ball
 2-1: Called Strike
 2-2: Foul Ball, location: 2F
 2-2: Ball
 3-2: Foul Ball, location: 2F
 3-2: Foul Ball, location: 2F
 3-2: Ground out 5-3 (Groundball, 56S, EV 70.6 MPH)
 |  
		| Pitching: LHP Jeff Haight |  |  
		| Batting: LHB Matt Urbanek | 0-0: Reached on error, E4 (Groundball, 34, EV 80.6 MPH) |  
		| Batting: RHB Vaclav Been | 0-0: Ground out 6-3 (Groundball, 6, EV 80.0 MPH) Matt Urbanek to third
 |  
		| Batting: RHB Mike Bell | 0-0: Swinging Strike 0-1: Ball
 1-1: Called Strike
 1-2: Strikes out swinging
 |  
		| Bottom of the 6th over - 0 runs, 0 hits, 1 error, 1 left on base; Kane County 3 - Lakewood 4 |  
	| TOP OF THE 7TH | 
|---|
 
		| Kane County Cougars batting - Pitching for Lakewood BlueClaws : RHP Jeff van Schaik |  
		| Pitching: RHP Andrew Giles |  |  
		| Batting: LHB Enrique Ponce | 0-0: Called Strike 0-1: Ball
 1-1: Foul Ball, location: 2F
 1-2: Strikes out swinging
 |  
		| Batting: RHB Gary Hills | 0-0:  Fly out, F7  (Line Drive, 7D, EV 105.0 MPH) |  
		| Batting: RHB Francisco Gutierrez | 0-0: Ball 1-0: Ball
 2-0: Ball
 3-0: Called Strike
 3-1: Foul Ball, location: 2F
 3-2: Base on Balls
 |  
		| Batting: SHB Blaine Peters | 0-0: Fielders Choice at 2nd, 6-4 (Groundball, 6, EV 100.0 MPH) |  
		| Top of the 7th over - 0 runs, 0 hits, 0 errors, 1 left on base; Kane County 3 - Lakewood 4 |  
	| BOTTOM OF THE 7TH | 
|---|
 
		| Lakewood BlueClaws batting - Pitching for Kane County Cougars : LHP Jeff Haight |  
		| Batting: SHB Steve DeRienzo | 0-0: Called Strike 0-1: Called Strike
 0-2: Ball
 1-2: Ball
 2-2: Ball
 3-2: Strikes out looking
 |  
		| Batting: RHB Trent Hedrick | 0-0: Called Strike 0-1: Ball
 1-1: Ball
 2-1: Swinging Strike
 2-2: Foul Ball, location: 2F
 2-2: Strikes out swinging
 |  
		| Batting: LHB Joel Moore | 0-0: DOUBLE  (Line Drive, 78D, EV 102.5 MPH) |  
		| Batting: RHB Cory Bonham | 0-0: Ground out 4-3 (Groundball, 4, EV 101.9 MPH) |  
		| Bottom of the 7th over - 0 runs, 1 hit, 0 errors, 1 left on base; Kane County 3 - Lakewood 4 |  
	| TOP OF THE 8TH | 
|---|
 
		| Kane County Cougars batting - Pitching for Lakewood BlueClaws : RHP Andrew Giles |  
		| Pitching: RHP David Oviedo |  |  
		| Batting: RHB Chad Mendoza | 0-0:  Fly out, F7  (Flyball, 7, EV 86.2 MPH) |  
		| Batting: LHB J.P. Olson | 0-0: Called Strike 0-1: Called Strike
 0-2: Ball
 1-2: Ball
 2-2: Ball
 3-2: Base on Balls
 |  
		| Batting: SHB John Cummings | 0-0: Ball 1-0: Foul Ball, location: 2F
 1-1: Foul Ball, location: 2F
 1-2: Ball
 2-2: Ball
 3-2: Foul Ball, location: 2F
 3-2: Grounds into double play, U6-3 (Groundball, 4M, EV 107.5 MPH)
 |  
		| Top of the 8th over - 0 runs, 0 hits, 0 errors, 0 left on base; Kane County 3 - Lakewood 4 |  
	| BOTTOM OF THE 8TH | 
|---|
 
		| Lakewood BlueClaws batting - Pitching for Kane County Cougars : LHP Jeff Haight |  
		| Pitching: RHP Sam Lewis |  |  
		| Batting: LHB Eric Farren | 0-0: Ball 1-0: Called Strike
 1-1: Ball
 2-1: Called Strike
 2-2: Ground out 5-3 (Groundball, 5L, EV 85.6 MPH)
 |  
		| Batting: RHB Bryan Alfaro | 0-0: Called Strike 0-1: Ball
 1-1: Ball
 2-1: Swinging Strike
 2-2: Strikes out swinging
 |  
		| Batting: LHB Matt Urbanek | 0-0: Ground out 5-3 (Groundball, 56S, EV 66.9 MPH) |  
		| Bottom of the 8th over - 0 runs, 0 hits, 0 errors, 0 left on base; Kane County 3 - Lakewood 4 |  
	| TOP OF THE 9TH | 
|---|
 
		| Kane County Cougars batting - Pitching for Lakewood BlueClaws : RHP David Oviedo |  
		| Pitching: RHP Shamar Hansford |  |  
		| Batting: RHB Longfellow Wetzler | 0-0: Called Strike 0-1: Called Strike
 0-2: Ball
 1-2: Ball
 2-2: Strikes out swinging
 |  
		| Batting: RHB Ernesto Zamora | 0-0: Called Strike 0-1: Ball
 1-1: Ball
 2-1: Ball
 3-1: Base on Balls
 |  
		| Batting: LHB Enrique Ponce | 0-0: Called Strike 0-1: Ball
 1-1:  Fly out, F7  (Line Drive, 78D, EV 93.8 MPH)
 |  
		| Batting: RHB Gary Hills | 0-0: Ball 1-0: Swinging Strike
 1-1: SINGLE  (Groundball, 34, EV 98.1 MPH) (infield hit)
 Ernesto Zamora to second
 |  
		| Batting: RHB Francisco Gutierrez | 0-0: Called Strike 0-1: Swinging Strike
 0-2: Strikes out looking
 |  
		| Top of the 9th over - 0 runs, 1 hit, 0 errors, 2 left on base; Kane County 3 - Lakewood 4 |  |